 Dungeon Crawl Stone Soup version 0.27.1-3-gb3d3a73c9e (webtiles) character file.

Game seed: 12092237589540793959

241 Crownlay the Ducker (level 6, 0/50 (53) HPs)
             Began as a Gnoll Monk on Oct 17, 2021.
             Was a Priest of Ru.
             Slain by Blork the orc (4 damage)
             ... on level 4 of the Dungeon.
             The game lasted 00:07:53 (3649 turns).

Crownlay the Ducker (Gnoll Monk)                    Turns: 3649, Time: 00:07:54

HP:   0/50 (53)     AC:  6    Str: 10    XL:     6   Next: 8%
MP:   8/8           EV: 12    Int: 12    God:    Ru [***...]
Gold: 143           SH:  0    Dex: 14    Spells: 8/8 levels left

rFire    . . .     SeeInvis .   a - +0 hand axe
rCold    . . .     Faith    .   (no shield)
rNeg     . . .     Spirit   .   c - +0 ring mail
rPois    .         Reflect  .   m - +0 helmet
rElec    .         Harm     .   (no cloak)
rCorr    .         Rampage  .   (no gloves)
Will     .....                  (no boots)
Stlth    ++........             (no amulet)
HPRegen  0.16/turn              (no ring)
MPRegen  0.11/turn              (no ring)

@: drained
A: fangs 1, no potion heal 1, inability to use devices, strong nose, distributed
training
a: Renounce Religion, Draw Out Power


You were on level 4 of the Dungeon.
You worshipped Ru.
Ru was most pleased with you.
You visited 1 branch of the dungeon, and saw 4 of its levels.

You collected 143 gold pieces.

Inventory:

Hand Weapons
 a - a +0 hand axe (weapon)
 q - a +2 hunting sling of flaming
Armour
 b - a +0 robe
 c - a +0 ring mail (worn)
 m - a +0 helmet (worn)
Jewellery
 d - a ring of ice
Wands
 k - a wand of iceblast (8)
Scrolls
 g - a scroll of enchant armour {unknown}
 h - a scroll of identify {unknown}
 i - 2 scrolls of enchant weapon {unknown}
 l - a scroll of acquirement {unknown}
 r - 3 scrolls of immolation {unknown}
Potions
 e - a potion of flight {unknown}
 f - a potion of degeneration {unknown}
 j - a potion of brilliance {unknown}
 n - a potion of heal wounds {unknown}
 o - a potion of invisibility {unknown}
 p - a potion of lignification {unknown}
 s - a potion of attraction {unknown}
 t - a potion of curing {unknown}
 u - a potion of magic {unknown}


   Skills:
 + Level 6.8 Fighting
 + Level 1.8 Short Blades
 + Level 1.8 Long Blades
 + Level 6.8 Axes
 + Level 1.8 Maces & Flails
 + Level 1.8 Polearms
 + Level 1.8 Staves
 + Level 1.8 Slings
 + Level 1.8 Bows
 + Level 1.8 Crossbows
 + Level 1.8 Throwing
 + Level 1.8 Armour
 + Level 6.8 Dodging
 + Level 4.5 Stealth
 + Level 1.8 Shields
 + Level 1.8 Unarmed Combat
 + Level 1.8 Spellcasting
 + Level 1.4 Conjurations
 + Level 1.4 Hexes
 + Level 1.4 Summonings
 + Level 1.4 Necromancy
 + Level 1.4 Translocations
 + Level 1.4 Transmutations
 + Level 1.4 Fire Magic
 + Level 1.4 Ice Magic
 + Level 1.4 Air Magic
 + Level 1.4 Earth Magic
 + Level 1.4 Poison Magic
 + Level 2.0 Invocations
   Level 0.0 Evocations


You had 8 spell levels left.
You didn't know any spells.
Your spell library was empty.

Dungeon Overview and Level Annotations

Branches:
Dungeon (4/15)
 Temple: D:4-7

Altars:
Ru

Shops:
D:3 *

Annotations:
D:4 Blork the orc


Innate Abilities, Weirdness & Mutations

You have very sharp teeth.
Potions are less effective at restoring your health.
You cannot study or use magical devices.
Your uncanny sense of smell can sniff out nearby items.
Your experience applies equally to all skills.


Message History

Your ring mail prevents you from hitting Blork the orc.
You bite Blork the orc, but do no damage.
Blork the orc is heavily wounded.
Blork the orc looks satisfied for a moment.
You hit Blork the orc but do no damage.
Blork the orc is heavily wounded.
Blork the orc casts a spell at you. The puff of flame hits you.
You hit Blork the orc but do no damage.
Blork the orc is heavily wounded.
Blork the orc barely misses you.
You hit Blork the orc but do no damage.
Blork the orc is heavily wounded.
Blork the orc barely misses you.
Blork the orc points at you and mumbles some strange words.
The puff of flame misses you.
You hit Blork the orc.
You bite Blork the orc, but do no damage.
Blork the orc is severely wounded.
Blork the orc gestures at you while chanting.
The magic dart hits you.
You slash Blork the orc! Your bite misses Blork the orc.
Blork the orc is almost dead.
Blork the orc hits you with a +4 short sword of speed.
* * * LOW HITPOINT WARNING * * *
You hit Blork the orc.
You bite Blork the orc, but do no damage.
Blork the orc is almost dead.
Blork the orc hits you with a +4 short sword of speed.
* * * LOW HITPOINT WARNING * * *
You hit Blork the orc.
Blork the orc is almost dead.
Blork the orc hits you with a +4 short sword of speed.
* * * LOW HITPOINT WARNING * * *
Blork the orc gestures wildly while chanting.
Blork the orc seems to speed up.
You barely miss Blork the orc.
Blork the orc is almost dead.
Blork the orc hits you with a +4 short sword of speed.
You die...

#.# #......##.
#.###))....... ###
###########...)).#
#.#######.............##.#
..........##########..##...
#.######### ##.###### ##
#.# #....#### . #.#
############..#..... . #.#
#.....o@.....###.### . #.#
#.########.#..#..# #
#.########.# ##.#...# #
#.†.....##.# ##.#.#########
#######.##.# #.#..........
#.##.# #.#.######### #.##.#
#.#.######### #....####
#.#..).)..... #######)##.##
#.###########


You could see Blork the orc (fast, corona).

Vanquished Creatures
  A hound (D:4)
  2 orc wizards (D:4)
  A hound skeleton (D:4)
  Robin (D:2)
  2 adders
  A worm (D:2)
  3 dart slugs
  10 orcs
  4 ball pythons
  2 bats
  2 endoplasms
  5 giant cockroaches
  7 hobgoblins
  4 jackals (D:1)
  2 quokkas
  4 frilled lizards
  10 goblins
  9 kobolds
  7 rats
77 creatures vanquished.

Vanquished Creatures (others)
  A bullfrog skeleton (D:3)
1 creature vanquished.

Grand Total: 78 creatures vanquished

Notes
Turn   | Place    | Note
-------+----------+-------------------------------------------
     0 | D:1      | Crownlay the Gnoll Monk began the quest for the Orb.
     0 | D:1      | Reached XP level 1. HP: 23/23 MP: 1/1
   122 | D:1      | Found a faded altar of an unknown god.
   149 | D:1      | Became a worshipper of Ru the Awakened
   172 | D:1      | Gained mutation: Potions are less effective at restoring
                  | your health. [Ru sacrifice]
   343 | D:1      | Reached XP level 2. HP: 17/29 MP: 2/2
  1076 | D:2      | Reached XP level 3. HP: 35/35 MP: 3/3
  1385 | D:2      | Noticed Robin
  1396 | D:2      | Reached skill level 1 in Invocations
  1405 | D:2      | Killed Robin
  1406 | D:2      | Reached skill level 1 in Short Blades
  1406 | D:2      | Reached skill level 1 in Long Blades
  1406 | D:2      | Reached skill level 1 in Maces & Flails
  1406 | D:2      | Reached skill level 1 in Polearms
  1406 | D:2      | Reached skill level 1 in Staves
  1406 | D:2      | Reached skill level 1 in Slings
  1406 | D:2      | Reached skill level 1 in Bows
  1406 | D:2      | Reached skill level 1 in Crossbows
  1406 | D:2      | Reached skill level 1 in Throwing
  1406 | D:2      | Reached skill level 1 in Armour
  1406 | D:2      | Reached skill level 1 in Shields
  1406 | D:2      | Reached skill level 1 in Unarmed Combat
  1406 | D:2      | Reached skill level 1 in Spellcasting
  1406 | D:2      | Reached skill level 1 in Evocations
  1621 | D:2      | Reached XP level 4. HP: 41/41 MP: 5/5
  2380 | D:3      | Gained mutation: You cannot study or use magical devices.
                  | [Ru sacrifice]
  2380 | D:3      | Reached * piety under Ru
  2380 | D:3      | Reached ** piety under Ru
  2380 | D:3      | Reached *** piety under Ru
  2422 | D:3      | Reached skill level 1 in Conjurations
  2422 | D:3      | Reached skill level 1 in Hexes
  2422 | D:3      | Reached skill level 1 in Summonings
  2422 | D:3      | Reached skill level 1 in Necromancy
  2422 | D:3      | Reached skill level 1 in Translocations
  2422 | D:3      | Reached skill level 1 in Transmutations
  2422 | D:3      | Reached skill level 1 in Fire Magic
  2422 | D:3      | Reached skill level 1 in Ice Magic
  2422 | D:3      | Reached skill level 1 in Air Magic
  2422 | D:3      | Reached skill level 1 in Earth Magic
  2422 | D:3      | Reached skill level 1 in Poison Magic
  2515 | D:3      | Found Goppuik's General Store.
  2558 | D:3      | Reached XP level 5. HP: 47/47 MP: 6/6
  3213 | D:4      | Reached XP level 6. HP: 8/53 MP: 8/8
  3220 | D:4      | HP: 1/50 [orc (3)]
  3225 | D:4      | Noticed Blork the orc
  3273 | D:4      | HP: 2/50 [orc (5)]
  3649 | D:4      | Slain by Blork the orc

Illustrated notes

Levels and vault maps discovered:
D:1:      dpeg_arrival_central, layout_basic, basic_ecumenical_altar
D:2:      layout_rooms, minmay_misc_feat_rugged, minmay_misc_feat_four_crosses,
          minmay_box_of_dots, uniq_robin
D:3:      layout_loops_corners, serial_shops, shop
D:4:      layout_loops_ring, mainiacjoe_overflow_alcove_1, uniq_blork_the_orc

Skill      XL: |  1  2  3  4  5 |
---------------+----------------+-----
Invocations    | 1 2 |  2.0
Short Blades   | 1 |  1.8
Long Blades    | 1 |  1.8
Maces & Flails | 1 |  1.8
Polearms       | 1 |  1.8
Staves         | 1 |  1.8
Slings         | 1 |  1.8
Bows           | 1 |  1.8
Crossbows      | 1 |  1.8
Throwing       | 1 |  1.8
Armour         | 1 |  1.8
Shields        | 1 |  1.8
Unarmed Combat | 1 |  1.8
Spellcasting   | 1 |  1.8
Evocations     | 1 0 |  0.0
Conjurations   | 1 |  1.4
Hexes          | 1 |  1.4
Summonings     | 1 |  1.4
Necromancy     | 1 |  1.4
Translocations | 1 |  1.4
Transmutations | 1 |  1.4
Fire Magic     | 1 |  1.4
Ice Magic      | 1 |  1.4
Air Magic      | 1 |  1.4
Earth Magic    | 1 |  1.4
Poison Magic   | 1 |  1.4
Fighting       | |  6.8
Axes           | |  6.8
Dodging        | |  6.8
Stealth        | |  4.5

Action                   |  1- 3 |  4- 6 || total
-------------------------+-------+-------++-------
Melee: Hand axe          |   100 |   160 ||   260
       Bite              |     7 |    26 ||    33
       Punch             |       |     2 ||     2
Invok: Sacrifice Purity  |     1 |       ||     1
       Sacrifice Artific |       |     1 ||     1
       Draw Out Power    |       |     1 ||     1
 Stab: Sleeping          |     2 |     6 ||     8
       Distracted        |       |     1 ||     1
       Invisible         |       |     1 ||     1
Armor: Ring mail         |    43 |    58 ||   101
Dodge: Dodged            |    72 |   122 ||   194
